 Dungeon Crawl Stone Soup version 0.21-a0-88-g13b9641 (webtiles) character file.

89 grindst0ne the Shield-Bearer (level 4, -10/37 HPs)
             Began as a Formicid Fighter on June 26, 2017.
             Splashed by a goblin's acid (14 damage)
             ... on level 3 of the Dungeon.
             The game lasted 00:04:02 (2276 turns).

grindst0ne the Shield-Bearer (Formicid Fighter)     Turns: 2276, Time: 00:04:03

Health: -10/37     AC:  1    Str: 25    XL:     4   Next: 84%
Magic:  4/4        EV:  8    Int:  7    God:
Gold:   133        SH: 15    Dex: 11    Spells: 3/3 levels left

rFire    . . .     SeeInvis +   a - +1 long sword
rCold    . . .     Gourm    .   c - +0 shield
rNeg     . . .     Faith    .   b - +0 scale mail
rPois    .         Spirit   .   (helmet unavailable)
rElec    .         Reflect  +   n - +0 cloak
rCorr    .         Harm     .   (no gloves)
MR       .....                  i - +0 pair of boots
Stlth    ..........             x - +5 amulet of reflection
HPRegen  0.12/turn              l - +4 ring of strength
MPRegen  0.09/turn              o - ring of loudness (curse)

@: corroded
A: permanent stasis, dig shafts and tunnels, four strong arms, antennae 3
a: Dig, Shaft Self


You were on level 3 of the Dungeon.
You were not hungry.

You visited 1 branch of the dungeon, and saw 3 of its levels.

You collected 133 gold pieces.

Inventory:

Hand Weapons
 a - a +1 long sword (weapon)
Armour
 b - a +0 scale mail (worn)
 c - a +0 shield (worn)
 i - a +0 pair of boots (worn)
 n - a +0 cloak (worn)
Jewellery
 l - a +4 ring of strength (left hand)
 o - a cursed ring of loudness (right hand)
 u - an uncursed ring of protection from cold
 x - a +5 amulet of reflection (around neck)
Wands
 h - a wand of polymorph (4/24)
Scrolls
 j - a scroll of identify
Potions
 d - a potion of might
 e - a potion of heal wounds
 k - a potion of degeneration {unknown}
 p - a potion of curing
 r - a potion of ambrosia
 t - a potion of magic {unknown}
Comestibles
 f - 3 bread rations
 g - 3 chunks of flesh
 s - a meat ration


   Skills:
 + Level 4.1 Fighting
 - Level 2.0 Long Blades
 + Level 3.9 Armour
 * Level 5.0 Shields


You had 3 spell levels left.
You didn't know any spells.

Dungeon Overview and Level Annotations

Branches:
Dungeon (3/15)

Altars:


Innate Abilities, Weirdness & Mutations

You cannot be hasted, slowed, berserked, paralysed or teleported.
You can dig through walls and to a lower floor.
Your four strong arms can wield two-handed weapons with a shield.
You have a pair of large antennae on your head. (SInv)


Message History

You barely miss the leopard gecko.
The leopard gecko bites you but does no damage.
You block the leopard gecko's attack.
You miss the leopard gecko.
You block the leopard gecko's attack. x2
You completely miss the leopard gecko. You block the leopard gecko's attack.
The goblin zaps a wand.
The bolt of acid misses the leopard gecko.
The bolt of acid hits you! The acid corrodes you!
You are splashed with acid!
The acid burns!
* * * LOW HITPOINT WARNING * * *
It is a wand of acid (?/15).
You hit the leopard gecko but do no damage.
You block the leopard gecko's attack. x2
You barely miss the leopard gecko. You block the leopard gecko's attack.
The goblin zaps a wand.
The bolt of acid misses the leopard gecko.
The bolt of acid hits you!
* * * LOW HITPOINT WARNING * * *
The acid corrodes you!
You are splashed with acid!
The acid burns!
You die...

#.###### # #.# . #.
#.# .. #.# #.#
...## #.## #.#
...... ##.## #.#
.....o# #...#####.#
.....gl##.........#
..####@#...#######
.........####
...#######


You could see an orc, a leopard gecko and a goblin.

Vanquished Creatures
  2 adders (D:3)
  A worm (D:2)
  4 dart slugs
  A leopard gecko (D:2)
  11 bats
  4 giant cockroaches
  4 goblins
  6 hobgoblins
  5 jackals (D:1)
  9 kobolds
  2 frilled lizards
  7 rats
56 creatures vanquished.

Notes
Turn   | Place    | Note
-------+----------+-------------------------------------------
     0 | D:1      | grindst0ne the Formicid Fighter began the quest for the Orb.
     0 | D:1      | Reached XP level 1. HP: 18/18 MP: 1/1
   141 | D:1      | Reached XP level 2. HP: 24/24 MP: 2/2
   202 | D:1      | Reached skill level 4 in Shields
   955 | D:1      | Reached XP level 3. HP: 30/30 MP: 3/3
  1547 | D:2      | Reached XP level 4. HP: 37/37 MP: 4/4
  2142 | D:3      | Reached skill level 5 in Shields
  2276 | D:3      | Splashed by a goblin's acid

Vault maps used:
D:1:      mainiacjoe_arrival_reflecting_pool, roderic_serpentine_path
D:2:      minmay_misc_feat_ornament, grunt_ministairs_7

Skill      XL: |  1  2  3  4 |
---------------+-------------+-----
Shields        | 4 5 |  5.0
Fighting       | 4 |  4.1
Long Blades    | |  2.0
Armour         | |  3.9

Action                   |  1- 3 |  4- 6 || total
-------------------------+-------+-------++-------
Melee: Long sword        |   116 |    53 ||   169
 Abil: Dig               |     1 |       ||     1
  Use: Scroll            |       |    10 ||    10
  Eat: Chunk             |     2 |     3 ||     5
Armor: Scale mail        |    69 |    15 ||    84
Dodge: Dodged            |    56 |     8 ||    64
Block: Shield            |   101 |    60 ||   161
       Reflection        |       |     5 ||     5
       Rpst.: Long sword |    12 |     2 ||    14
